 Dungeon Crawl Stone Soup version 0.21-a0-584-g185da8e (webtiles) character file.

41 rabbitfr the Digger (level 3, -7/19 HPs)
             Began as a Gargoyle Earth Elementalist on Dec 21, 2017.
             Killed by divine providence
             ... invoked by an orc priest
              (12 damage)
             ... on level 2 of the Dungeon.
             The game lasted 00:04:14 (1448 turns).

rabbitfr the Digger (Gargoyle Earth Elementalist)   Turns: 1448, Time: 00:04:15

Health: -7/19      AC:  5    Str: 11    XL:     3   Next: 52%
Magic:  0/6        EV: 12    Int: 16    God:
Gold:   74         SH:  0    Dex: 10    Spells: 5/6 levels left

rFire    . . .     SeeInvis .   a - +0 mace
rCold    . . .     Gourm    .   (no shield)
rNeg     + . .     Faith    .   c - +0 robe
rPois    ∞         Spirit   .   (no helmet)
rElec    +         Reflect  .   (no cloak)
rCorr    .         Harm     .   (no gloves)
MR       .....                  (no boots)
Stlth    ++........             (no amulet)
HPRegen  0.06/turn              (no ring)
MPRegen  0.10/turn              (no ring)

@: no status effects
A: negative energy resistance 1, electricity resistance, unbreathing,
petrification resistance, rot immunity, AC +3
a: no special abilities


You were on level 2 of the Dungeon.
You were not hungry.

You visited 1 branch of the dungeon, and saw 2 of its levels.

You collected 74 gold pieces.

Inventory:

Hand Weapons
 a - a +0 mace (weapon)
 b - a +0 hunting sling
 k - a +0 dagger
Missiles
 f - 17 poisoned needles
 h - 36 sling bullets
 j - 31 stones (quivered)
Armour
 c - a +0 robe (worn)
Scrolls
 g - 2 scrolls of teleportation {unknown}
Potions
 i - a potion of flight {unknown}
 l - a potion of curing {unknown}
Books
 e - a book of Geomancy

   Spells                             Type                      Level
   a - Sandblast                      Earth                        1
   b - Passwall                       Transmutation/Earth          2
   c - Stone Arrow                    Conjuration/Earth            3
   d - Petrify                        Transmutation/Earth          4
   e - Lee's Rapid Deconstruction     Earth                        5
Comestibles
 d - 3 rations


   Skills:
 + Level 0.3 Short Blades
 - Level 1.5 Dodging
 - Level 2.1 Stealth
 - Level 2.4 Spellcasting
   Level 0.7 Transmutations
 * Level 4.9 Earth Magic


You had 5 spell levels left.
You knew the following spells:

 Your Spells              Type           Power        Failure   Level  Hunger
a - Sandblast             Erth           ###...       2%          1    #......


Dungeon Overview and Level Annotations

Branches:
Dungeon (2/15)

Altars:


Innate Abilities, Weirdness & Mutations

You are resistant to torment.
Your stone body is resilient. (AC +3)
You are immune to poison.
You resist negative energy. (rN+)
You are resistant to electric shocks. (rElec)
You can survive without breathing.
You are immune to petrification.
You are immune to rotting.


Message History

Aiming: Sandblast
Press: ? - help, Shift-Dir - straight line, f/p - orc priest
Aim: an orc priest, wielding a mace and wearing a scale mail (heavily wounded)
The blast of sand hits the orc priest.
The orc priest is almost dead.
j - 31 stones
Casting: Sandblast
Confirm with . or Enter, or press ? or * to list all spells.
You don't have enough magic to cast that spell.
Unknown command.
Casting: Sandblast
Confirm with . or Enter, or press ? or * to list all spells.
You don't have enough magic to cast that spell.
Unknown command.
You barely miss the orc priest.
The orc priest is almost dead.
The orc priest invokes the aid of Beogh against you.
Beogh smites you!
Ouch! That really hurt!
You die...

#..........# #......# #
#..........# #......######
#..........# #............
#..........###......######
######.###..##......# #.#
##.##.....<# ####
.######.####.##......###...
.........o..........÷....##
#######.##@...#####.##.....
#..##.....###.#..####
##.##...#..##.#.##
#.###..##.♣♣♣..# #.#
#...#♣♣ ♣♣.# #.# #...♣ ♣♣#
#o# ##..♣ #.# #.8. #.. #.


You could see an orc priest.

Vanquished Creatures
  2 adders (D:2)
  A ball python (D:1)
  A giant cockroach (D:2)
  2 goblins (D:1)
  A hobgoblin (D:1)
  4 bats
  3 frilled lizards (D:1)
  6 kobolds (D:1)
  8 rats
28 creatures vanquished.

Notes
Turn   | Place    | Note
-------+----------+-------------------------------------------
     0 | D:1      | rabbitfr the Gargoyle Earth Elementalist began the quest for the Orb.
     0 | D:1      | Reached XP level 1. HP: 10/10 MP: 3/3
   445 | D:1      | Reached skill level 4 in Earth Magic
   475 | D:1      | Reached XP level 2. HP: 15/15 MP: 5/5
  1055 | D:2      | Reached XP level 3. HP: 9/19 MP: 6/6
  1448 | D:2      | Killed from afar by an orc priest

Vault maps used:
D:1:      kilobyte_arrival_exit_the_forest
D:2:      good_gods_temple_1

Skill      XL: |  1 |
---------------+----+-----
Earth Magic    | 4 |  4.9
Short Blades   | |  0.3
Dodging        | |  1.5
Stealth        | |  2.1
Spellcasting   | |  2.4
Transmutations | |  0.7

Action                   || total
-------------------------++-------
Melee: Dagger            ||    54
       Unarmed           ||    10
       Mace              ||    18
 Fire: Hunting sling     ||    14
Throw: Stone             ||     5
 Cast: Sandblast         ||     8
 Stab: Sleeping          ||     4
  Eat: Chunk             ||     2
Armor: Robe              ||    31
Dodge: Dodged            ||    42

Table legend:
 A = Spawn XP
 B = Non-spawn XP
 C = Spawn XP percentage of total XP
 D = Spawn monster count
 E = Non-spawn monster count
 F = Spawn count percentage of total count
 G = Total turns spent on level
                    A         B        C        D         E        F      G
               +---------+---------+-------+---------+---------+-------+---------
         Total |       0 |      59 |   0.0 |       0 |      28 |   0.0 |  1448
               +---------+---------+-------+---------+---------+-------+---------
           D:1 |       0 |      30 |   0.0 |       0 |      22 |   0.0 |  1012
           D:2 |       0 |      29 |   0.0 |       0 |       6 |   0.0 |   436
               +---------+---------+-------+---------+---------+-------+---------
